 Dungeon Sprint DCSS version 0.20.1-1-g8b1a95d (webtiles) character file.

908 Mitsuki the Blocker (level 8, -4/72 HPs)
             Began as a Formicid Fighter on Sept 26, 2017.
             Was a Follower of Okawaru.
             Slain by a deep troll (8 damage)
             ... in the Dungeon (Sprint I: "Red Sonja").
             The game lasted 00:03:43 (1325 turns).

Mitsuki the Blocker (Formicid Fighter)              Turns: 1325, Time: 00:03:44

Health: -4/72      AC:  8    Str: 29    XL:     8   Next: 29%
Magic:  10/10      EV: 10    Int:  7    God:    Okawaru [*.....]
Gold:   757        SH: 13    Dex: 10    Spells: 7/7 levels left

rFire    . . .     SeeInvis +   a - +0 flail
rCold    . . .     Gourm    .   c - +0 shield
rNeg     . . .     Faith    .   b - +0 scale mail
rPois    .         Spirit   .   (helmet unavailable)
rElec    .         Reflect  .   (no cloak)
rCorr    .         Harm     .   (no gloves)
MR       .....                  (no boots)
Stlth    ..........             (no amulet)
Regen    0.3/turn               (no ring)
MPRegen  0.2/turn               (no ring)

@: mighty
A: permanent stasis, dig shafts and tunnels, four strong arms, antennae 3
a: Dig, Heroism, Renounce Religion


You were in the Dungeon.
You worshipped Okawaru.
Okawaru was aware of your devotion.
You were not hungry.

You visited 1 branch You collected 757 gold pieces.

Inventory:

Hand Weapons
 a - a +0 flail (weapon)
Armour
 b - a +0 scale mail (worn)
 c - a +0 shield (worn)
Magical Staves
 o - an uncursed staff of fire
Wands
 m - a wand of polymorph (7/24)
Scrolls
 k - a scroll of blinking
 l - a scroll of identify {unknown}
Potions
 e - 3 potions of curing
 h - a potion of haste
 i - 2 potions of magic
 j - a potion of berserk rage
 n - a potion of brilliance {unknown}


   Skills:
 + Level 9.9 Fighting
 + Level 8.7 Maces & Flails
 + Level 9.9 Armour
 + Level 10.6 Shields
 + Level 3.2 Invocations


You had 7 spell levels left.
You didn't know any spells.

Dungeon Overview and Level Annotations

Branches:
Dungeon (1/1)

Altars:
Cheibriados
Dithmenos
Elyvilon
Fedhas
Gozag
Hepliaklqana
Kikubaaqudgha
Makhleb
Nemelex Xobeh
Okawaru
Qazlal
Ru
Sif Muna
Trog
Uskayaw
Vehumet
Xom
Yredelemnul
Zin
The Shining One
Jiyva
Lugonu

Shops:
D *


Innate Abilities, Weirdness & Mutations

You cannot be hasted, slowed, berserked, paralysed or teleported.
You can dig through walls and to a lower floor.
Your four strong arms can wield two-handed weapons with a shield.
You have a pair of large antennae on your head. (SInv)


Message History

The deep troll bites you!!
* * * LOW HITPOINT WARNING * * *
The deep troll claws you!
* * * LOW HITPOINT WARNING * * *
The deep troll claws you but does no damage.
You feel much better. You block the deep troll's attack.
The deep troll claws you but does no damage.
You block the deep troll's attack.
You feel very mighty all of a sudden.
You block the deep troll's attack. x2; The deep troll claws you!
* * * LOW HITPOINT WARNING * * *
You bludgeon the deep troll!!
The deep troll is heavily wounded.
The deep troll closely misses you. The deep troll claws you!
* * * LOW HITPOINT WARNING * * *
You block the deep troll's attack.
You closely miss the deep troll.
The deep troll is heavily wounded.
The deep troll bites you!
You die...

#..####..#...#.#### {
#..#__####..##[# {
#..#_____##'#..+ {
#⌠⌠#_.∩...'..._# {
#..#_..__##_.#'#
#..#_____###'#.#
############.####+###
+.).T$$.$$+ #..@# {
###.### { {#.#'#.#{{
{ #.....#
{#..().#{{{{
#######{{{ {


{{{{ { {{{ { You could see a deep troll.

Vanquished Creatures
  A rime drake (D)
  A slime creature (D)
  Sigmund (D)
  A yak (D)
  An ogre (D)
  A jelly (D)
  Ijyb (D)
  2 ballistomycetes (D)
9 creatures vanquished.

Vanquished Creatures (others)
  2 ballistomycete spores (D)
2 creatures vanquished.

Grand Total: 11 creatures vanquished

Notes
Turn   | Place    | Note
-------+----------+-------------------------------------------
     0 | D        | Mitsuki the Formicid Fighter began the quest for the Orb.
     0 | D        | Reached XP level 1. HP: 18/18 MP: 1/1
     1 | D        | Noticed Ijyb
    10 | D        | Killed Ijyb
    10 | D        | Reached skill level 5 in Shields
    10 | D        | Reached XP level 2. HP: 26/26 MP: 2/2
    10 | D        | Reached XP level 3. HP: 31/31 MP: 3/3
    12 | D        | Noticed an ogre
    18 | D        | Killed an ogre
    18 | D        | Reached skill level 6 in Shields
    18 | D        | Reached XP level 4. HP: 40/40 MP: 4/4
    18 | D        | Reached XP level 5. HP: 46/46 MP: 5/5
   142 | D        | Noticed Sigmund
   152 | D        | Killed Sigmund
   152 | D        | Reached skill level 8 in Shields
   152 | D        | Reached XP level 6. HP: 27/56 MP: 6/6
   354 | D        | Found a deep blue altar of Sif Muna.
   356 | D        | Found a radiant altar of Vehumet.
   467 | D        | Found Oveolata's General Store.
   467 | D        | Found an ancient bone altar of Kikubaaqudgha.
   467 | D        | Found a hazy altar of Hepliaklqana.
   467 | D        | Found a stormy altar of Qazlal.
   467 | D        | Found a hide-covered altar of Uskayaw.
   467 | D        | Found a blossoming altar of Fedhas.
   467 | D        | Found a bloodstained altar of Trog.
   467 | D        | Found an iron altar of Okawaru.
   467 | D        | Found a basalt altar of Yredelemnul.
   467 | D        | Found a glowing golden altar of the Shining One.
   467 | D        | Found a snail-covered altar of Cheibriados.
   467 | D        | Found a sacrificial altar of Ru.
   467 | D        | Found a glowing silver altar of Zin.
   467 | D        | Found a shadowy altar of Dithmenos.
   467 | D        | Found a white marble altar of Elyvilon.
   467 | D        | Noticed a yak
   479 | D        | Killed a yak
   479 | D        | Reached skill level 9 in Shields
   479 | D        | Reached XP level 7. HP: 54/63 MP: 7/7
   480 | D        | Found an opulent altar of Gozag.
   522 | D        | Found a sparkling altar of Nemelex Xobeh.
   531 | D        | Became a worshipper of Warmaster Okawaru
   543 | D        | Found a viscous altar of Jiyva.
   543 | D        | Found a corrupted altar of Lugonu.
   543 | D        | Noticed a slime creature
   544 | D        | Found a burning altar of Makhleb.
   544 | D        | Found a shimmering altar of Xom.
   557 | D        | Killed a slime creature
   557 | D        | Reached skill level 10 in Shields
   788 | D        | Noticed Sonja
   789 | D        | Noticed Sonja
   789 | D        | Sonja changed into Sonja the rime drake
   806 | D        | Killed Sonja the rime drake
   806 | D        | Reached * piety under Okawaru
   806 | D        | Reached XP level 8. HP: 10/72 MP: 7/10
  1313 | D        | Noticed a deep troll
  1325 | D        | Slain by a deep troll

Skill      XL: |  1  2  3  4  5  6  7 |
---------------+----------------------+-----
Fighting       | 4 6 7 8 9 |  9.9
Maces & Flails | 3 4 6 7 8 |  8.7
Armour         | 4 6 7 8 9 |  9.9
Shields        | 5 6 8 9 10 | 10.6
Invocations    | 3 |  3.2

Action                   |  1- 3 |  4- 6 |  7- 9 || total
-------------------------+-------+-------+-------++-------
Melee: Unarmed           |     9 |       |       ||     9
       Flail             |     2 |    26 |    45 ||    73
 Abil: Dig               |       |     2 |       ||     2
Evoke: Wand              |       |       |     1 ||     1
  Use: Potion            |       |       |     2 ||     2
  Eat: Bread ration      |       |       |     1 ||     1
Armor: Scale mail        |     1 |     4 |    10 ||    15
       Skin              |     1 |       |       ||     1
Dodge: Dodged            |     4 |     7 |     7 ||    18
Block: Shield            |       |     6 |    21 ||    27
